 Dungeon Crawl Stone Soup version 0.29.0-4-gdea44cf6ec (webtiles) character file.

Game seed: 8129084443534446429

910 Flugkiller the Cleaver (level 7, -8/64 HPs)
             Began as a Minotaur Fighter on Aug 26, 2022.
             Was an Initiate of Gozag.
             Mangled by a gnoll sergeant
             ... wielding a +3 spear of venom
              (9 damage)
             ... on level 5 of the Dungeon.
             The game lasted 00:02:54 (5390 turns).

Flugkiller the Cleaver (Minotaur Fighter)           Turns: 5390, Time: 00:02:55

Health: -8/64      AC: 10    Str: 21    XL:     7   Next: 81%
Magic:  6/6        EV:  9    Int:  5    God:    Gozag
Gold:   649        SH:  4    Dex: 11    Spells: 6/6 levels left

rFire   . . .      SeeInvis .   a - +1 war axe
rCold   . . .      Faith    .   c - +0 buckler
rNeg    . . .      Spirit   .   b - +0 scale mail
rPois   .          Reflect  .   (helmet restricted)
rElec   .          Harm     .   x - +0 cloak
rCorr   .          Rampage  .   (no gloves)
Will    .....                   u - +0 pair of boots
Stlth   ..........              (no amulet)
HPRegen 0.20/turn               (no ring)
MPRegen 0.10/turn               (no ring)

@: lethally poisoned (-8 -> -14), about to teleport
A: horns 2, retaliatory headbutt
a: Renounce Religion, Potion Petition, Call Merchant, Bribe Branch


You were on level 5 of the Dungeon.
You worshipped Gozag.
Gozag was pleased with you.
You visited 2 branches of the dungeon, and saw 6 of its levels.
You also visited: Ossuary.

You collected 738 gold pieces.
You paid 89 gold pieces to Gozag.

Inventory:

Hand Weapons
 a - a +1 war axe (weapon)
Armour
 b - a +0 scale mail (worn)
 c - a +0 buckler (worn)
 u - a +0 pair of boots (worn)
   (You found it on level 4 of the Dungeon)
 x - a +0 cloak (worn)
   (You took it off Crazy Yiuf on level 4 of the Dungeon)
Jewellery
 A - a ring of fire
   (You found it on level 5 of the Dungeon)
Wands
 l - a wand of charming (8)
   (You found it on level 2 of the Dungeon)
 C - a wand of mindburst (21)
   (You found it on level 5 of the Dungeon)
Scrolls
 e - a scroll of immolation
 h - 3 scrolls of enchant weapon
 i - 2 scrolls of fog {unknown}
 j - a scroll of vulnerability
 r - 4 scrolls of identify
 t - 2 scrolls of teleportation
 w - a scroll of magic mapping {unknown}
 y - a scroll of brand weapon {unknown}
 B - a scroll of torment {unknown}
Potions
 d - a potion of might
 f - 2 potions of attraction {unknown}
 g - 3 potions of invisibility
 k - a potion of magic {unknown}
 m - a potion of flight {unknown}
 n - a potion of haste {unknown}
 o - a potion of brilliance {unknown}
 p - a potion of lignification {unknown}
 s - 3 potions of mutation {unknown}
 v - a potion of heal wounds {unknown}
 z - a potion of cancellation {unknown}


   Skills:
 + Level 6.4 Fighting
 * Level 8.0 Axes
 + Level 6.4 Armour
 - Level 3.6 Shields


You had 6 spell levels left.
You didn't know any spells.
Your spell library was empty.

Dungeon Overview and Level Annotations

Branches:
Dungeon (5/15)             Temple (1/1) D:4         Ossuary (visited)

Altars:
Ashenzari
Cheibriados
Dithmenos
Elyvilon
Fedhas
Gozag
Makhleb
Nemelex Xobeh
Okawaru
Ru
Sif Muna
Trog
Uskayaw
Vehumet
Wu Jian
Xom
Yredelemnul
Zin

Annotations:
D:4 2 transporters


Innate Abilities, Weirdness & Mutations

You have a pair of horns on your head.
You reflexively headbutt those who attack you in melee.


Message History

An adder is nearby!
There is an open door here.
Found a stone staircase leading down.
You slash the adder!
The adder is severely wounded.
The adder bites you but does no damage. The adder barely misses you.
You slash the adder!
You kill the adder!
No target in view!
No target in view!
No target in view!
No target in view!
You now have 624 gold pieces (gained 5).
Found an escape hatch in the floor.
You now have 635 gold pieces (gained 11).
Found a book of Misfortune.
You now have 649 gold pieces (gained 14).
B - a scroll labelled GAESICSAMO No target in view!
No target in view!
No target in view!
No target in view!
There is an escape hatch in the ceiling here.
C - a wand of mindburst (22)
Found a ring mail.
You open the door.
Found a book of Spatial Translocations.
There is an open door here.
You see here a scarf of invisibility.
A gnoll sergeant comes into view. It is wielding a +3 spear of venom.
The gnoll sergeant shouts!
The gnoll shouts!
A gnoll comes into view. It is wielding a +0 whip.
There are monsters nearby!
The gnoll shouts!
The gnoll sergeant hits you but does no damage.
The gnoll hits you from afar with a +0 spear.
You block the gnoll sergeant's attack.
You barely miss the gnoll sergeant. The gnoll barely misses you.
The gnoll sergeant barely misses you.
The gnoll sergeant hits you with a +3 spear of venom!
You are poisoned.
The gnoll barely misses you.
You hit the gnoll sergeant but do no damage.
You feel very sick. The gnoll hits you but does no damage.
The gnoll sergeant hits you with a +3 spear of venom.
You are more poisoned.
You slash the gnoll sergeant!
The gnoll sergeant is heavily wounded.
You feel very sick. You block the gnoll's attack.
The gnoll sergeant hits you but does no damage.
You are more poisoned.
You hit the gnoll sergeant. You headbutt the gnoll sergeant.
The gnoll sergeant is almost dead.
You feel extremely sick. You block the gnoll's attack.
The gnoll sergeant drinks a potion.
The gnoll sergeant is healed!
q - 2 potions of curing;
p - a white potion You closely miss the gnoll sergeant.
The gnoll sergeant is severely wounded.
You feel very sick.
The gnoll hits you from afar with a +0 spear!
The gnoll sergeant hits you with a +3 spear of venom!
* * * LOW HITPOINT WARNING * * *
You are more poisoned.
You are too injured to fight recklessly!
You are too injured to fight recklessly!
You are too injured to fight recklessly!
You are too injured to fight recklessly!
You are too injured to fight recklessly!
You are too injured to fight recklessly!
Unknown command.
You feel better. You block the gnoll's attack.
The gnoll sergeant hits you with a +3 spear of venom.
* * * LOW HITPOINT WARNING * * *
You are lethally poisoned!
You feel better.
The gnoll hits you from afar with a +0 spear.
* * * LOW HITPOINT WARNING * * *
The gnoll sergeant hits you but does no damage.
You are poisoned.
As you read the scroll of teleportation, it crumbles to dust.
You feel strangely unstable.
You feel very sick. The gnoll barely misses you.
The gnoll sergeant hits you with a +3 spear of venom!
* * * LOW HITPOINT WARNING * * *
Okay, then.
Unknown command.
Okay, then.
Aiming: Mindburst
Press: ? - help, Shift-Dir - straight line, f - gnoll sergeant
Aim: a gnoll sergeant, wielding a +3 spear of venom and wearing a +0 scale mail (severely wounded, chance to affect: 64%)
The gnoll sergeant struggles to resist.
* * * LOW HITPOINT WARNING * * *
You feel sick. The gnoll hits you but does no damage.
The gnoll sergeant hits you with a +3 spear of venom!
You die...
Your body crumbles into a pile of gold.

#.# #.# #.#.#.#.#
#.# #.#.#
#.......# #.#
#.#.# ###.#.###
#.#####.#.#
#.#.###
#.......#.#
#.....#
#########g#
###.#.# #g# #.#.#
#g# #.#.# #@#
#.#.# #.# ..#.#
#.#############.##
#................#
#.################
###


You could see a gnoll sergeant and 2 gnolls.

Vanquished Creatures
  A black bear (D:3)
  An ogre (D:5)
  A scorpion (D:4)
  A troll zombie (Ossuary)
  2 hounds
  Crazy Yiuf (D:4)
  An orc priest (D:4)
  2 iguanas (D:5)
  3 orc wizards
  4 ogre zombies (Ossuary)
  7 mummies (Ossuary)
  2 gnolls (D:5)
  6 adders
  5 adder zombies (Ossuary)
  6 worms
  4 dart slugs
  14 orcs
  6 endoplasms
  A giant cockroach (D:1)
  A gnoll zombie (Ossuary)
  6 goblins
  7 hobgoblins
  2 jackals (D:4)
  7 kobolds
  4 quokkas
  7 ball pythons
  6 bats
  3 frilled lizards (D:2)
  5 goblin zombies
  4 hobgoblin zombies (Ossuary)
  3 kobold zombies (Ossuary)
  5 quokka zombies (Ossuary)
  2 rats (D:3)
  4 rat zombies (Ossuary)
  A butterfly (Temple)
135 creatures vanquished.

Notes
Turn   | Place    | Note
-------+----------+-------------------------------------------
     0 | D:1      | Flugkiller the Minotaur Fighter began the quest for the
                  | Orb.
     0 | D:1      | Reached XP level 1. HP: 19/19 MP: 0/0
   251 | D:1      | Reached skill level 3 in Axes
   251 | D:1      | Reached XP level 2. HP: 25/27 MP: 1/1
   735 | D:2      | Reached XP level 3. HP: 33/33 MP: 2/2
   821 | D:2      | You fall into a shaft and drop 1 floor!
   828 | D:3      | Found a shadowy altar of Dithmenos.
  1007 | D:2      | Reached skill level 4 in Axes
  1037 | D:2      | Reached XP level 4. HP: 41/41 MP: 3/3
  1994 | D:3      | Found a blossoming altar of Fedhas.
  2095 | D:3      | Noticed a black bear
  2101 | D:3      | Killed a black bear
  2102 | D:3      | Reached skill level 5 in Axes
  2102 | D:3      | Reached XP level 5. HP: 28/47 MP: 4/4
  2663 | D:4      | Found a staircase to the Ecumenical Temple.
  2677 | D:3      | Reached skill level 5 in Fighting
  2677 | D:3      | Reached skill level 5 in Armour
  2707 | D:3      | Reached XP level 6. HP: 22/56 MP: 5/5
  2902 | Temple   | Entered the Ecumenical Temple
  2902 | Temple   | Found a transporter.
  2902 | Temple   | Found a transporter.
  2904 | Temple   | Found a transporter.
  2904 | Temple   | Found a transporter.
  2939 | Temple   | Became a worshipper of Gozag Ym Sagoz the Greedy
  3121 | D:4      | Found a broken altar of Ashenzari.
  3143 | D:4      | Reached skill level 6 in Axes
  3212 | D:4      | Found an iron altar of Okawaru.
  3218 | D:4      | Found a transporter.
  3421 | D:4      | Found a shimmering blue altar of Sif Muna.
  3503 | D:4      | Found a transporter.
  3612 | D:4      | Found a runed translucent door.
  3613 | D:4      | Noticed Crazy Yiuf
  3619 | D:4      | Killed Crazy Yiuf
  3781 | D:5      | Entered Level 5 of the Dungeon
  3867 | D:4      | Reached XP level 7. HP: 28/62 MP: 6/6
  4163 | D:5      | Found a sand-covered staircase.
  4176 | Ossuary  | Entered an ossuary
  4325 | Ossuary  | Reached skill level 7 in Axes
  5217 | D:5      | Reached skill level 8 in Axes
  5389 | D:5      | HP: 3/64 [gnoll sergeant/+3 spear of venom (11)]
  5390 | D:5      | HP: 1/64 [poisoned by a gnoll sergeant]
  5390 | D:5      | Mangled by a gnoll sergeant

Illustrated notes

Levels and vault maps discovered:
D:1:      dpeg_arrival_arbitrary_c, layout_rooms
D:2:      wad_river_or_something, layout_basic
D:3:      layout_basic, mainiacjoe_overflow_large_starburst
D:4:      layout_rooms, evilmike_ruin_ashenzari,
          gammafunk_temple_overflow_arena, amcnicky_altar_gilded,
          minmay_temple_entry_butterflies, uniq_crazy_yiuf_cottage
D:5:      layout_basic, kiku_gazebo_pond_becter, enter_ossuary_4
Temple:   hellmonk_temple_divided_pantheon

Skill      XL: |  1  2  3  4  5  6  7 |
---------------+----------------------+-----
Axes           | 3 4 5 6 8 |  8.0
Fighting       | 4 5 6 |  6.4
Armour         | 4 5 6 |  6.4
Shields        | |  3.6

Action                   |  1- 3 |  4- 6 |  7- 9 || total
-------------------------+-------+-------+-------++-------
Melee: War axe           |    75 |    98 |   123 ||   296
       Headbutt          |     7 |    16 |    20 ||    43
Evoke: Wand              |       |       |     1 ||     1
  Use: Scroll            |       |     5 |     1 ||     6
       Potion            |       |     1 |     3 ||     4
 Stab: Invisible         |       |       |     1 ||     1
Armor: Scale mail        |    41 |    45 |    44 ||   130
Dodge: Dodged            |    41 |    48 |    36 ||   125
Block: Buckler           |    12 |    16 |    27 ||    55
